 Dungeon Crawl Stone Soup version 0.32-a0-995-gb4a5920 (webtiles) character file.

Game seed: 2632765285397095852

6745 dc9389688 the Blocker (level 11, -11/71 HPs)
             Began as a Gargoyle Fighter on Apr 22, 2024.
             Was a High Priest of Okawaru.
             Mangled by an unseen horror simulacrum (13 damage)
             ... on level 9 of the Dungeon.
             The game lasted 00:20:29 (6345 turns).

dc9389688 the Blocker (Gargoyle Fighter)            Turns: 6345, Time: 00:20:30

Health: -11/71     AC: 27    Str: 24    XL:     11   Next: 4%
Magic:  16/16      EV:  6    Int:  9    God:    Okawaru [*****.]
Gold:   375        SH:  7    Dex:  9    Spells: 10/10 levels left

rFire   + + .        c - +5 morningstar
rCold   . . .        i - +2 buckler {rF+}
rNeg    + . .        y - +1 plate armour
rPois   ∞            o - +2 helmet
rElec   +            (no cloak)
rCorr   .            q - +0 pair of gloves
SInv    .            (no boots)
Will    .....        f - amulet of regeneration Stlth
                     t - ring of protection from fire
HPRegen 0.00/turn    (no ring)
MPRegen 0.15/turn

%: no passive effects
@: mighty, inhibited regen
A: sickness immunity, AC +8, negative energy resistance 1, electricity
resistance, torment resistance 1, petrification resistance, hooves 1, inhibited
regeneration, subdued magic 1, inability to read after injury 2
a: Renounce Religion, Heroism, Finesse, Duel


You were on level 9 of the Dungeon.
You worshipped Okawaru.
Okawaru was extremely pleased with you.
You visited 2 branches of the dungeon, and saw 10 of its levels.

You collected 375 gold pieces.

Inventory:

Hand Weapons
 c - a +5 morningstar (weapon)
 n - a +2 flail of holy wrath
Missiles
 B - 3 boomerangs
 C - 2 javelins
Armour
 i - a +2 buckler of fire resistance (worn)
 o - a +2 helmet (worn)
 q - a +0 pair of gloves (worn)
 y - a +1 plate armour (worn)
Jewellery
 b - an amulet of the acrobat
 f - an amulet of regeneration (around neck)
 g - a ring of fire
 t - a ring of protection from fire (left hand)
 x - a +6 ring of intelligence
Wands
 k - a wand of warping (12) (quivered)
 u - a wand of flame (12)
 z - a wand of paralysis (8)
Scrolls
 j - 3 scrolls of poison
 m - 3 scrolls of teleportation
 s - 4 scrolls of amnesia
Potions
 a - a potion of haste
 d - 2 potions of might
 e - a potion of curing {unknown}
 h - a potion of lignification {unknown}
 l - a potion of cancellation {unknown}
 p - 3 potions of enlightenment
 r - a potion of attraction {unknown}
 w - a potion of heal wounds {unknown}


   Skills:
 + Level 9.0 Fighting
 + Level 7.9 Maces & Flails
 + Level 9.0 Armour
 + Level 9.1 Shields
 + Level 6.8 Invocations


You had 10 spell levels left.
You didn't know any spells.
Your spell library contained the following spells:

 Spells                   Type           Power      Damage    Failure   Level
 Ensorcelled Hibernation  Hex/Ice        0%         N/A       100%        2
 Scorch                   Fire           0%         2d5       100%        2
 Fugue of the Fallen      Necr           0%         N/A       100%        3
 Anguish                  Hex/Necr       0%         N/A       100%        4
 Flame Wave               Conj/Fire      0%         2d4       100%        4
 Iskenderun's Battlesphe  Conj           0%         2d6       100%        5
 Bombard                  Conj/Erth      0%         9d1       100%        6
 Summon Cactus Giant      Summ           Unusable   N/A       N/A         6
 Spellforged Servitor     Conj/Summ      Unusable   N/A       N/A         7

Dungeon Overview and Level Annotations

Branches:
Dungeon (9/15)             Temple (1/1) D:5
   Lair: D:8-11         Orc: D:9-12

Altars:
Ashenzari
Cheibriados
Dithmenos
Elyvilon
Fedhas
Hepliaklqana
Kikubaaqudgha
Makhleb
Nemelex Xobeh
Okawaru
Qazlal
Ru
Sif Muna
Trog
Uskayaw
Vehumet
Wu Jian
Xom
Yredelemnul
Zin
The Shining One

Shops:
D:2 *   D:6 *   D:7 (   D:8 (


Innate Abilities, Weirdness & Mutations

You are immune to sickness and miasma.
Your stone body is resilient. (AC +8)
You are immune to poison.
You resist negative energy. (rN+)
You are resistant to electric shocks. (rElec)
You are resistant to unholy torment.
You are immune to petrification.
You have large cloven feet.
You do not regenerate when monsters are visible.
Your spells are a little easier to cast, but a little less powerful.
You sometimes lose the ability to read scrolls when taking damage.


Message History

You puncture the wolf! Your kick misses the wolf.
The wolf is severely wounded.
The wolf bites you but does no damage. You block the wolf's attack.
You puncture the wolf!
You kill the wolf!
Okawaru accepts your kill.
The unseen horror simulacrum completely misses you.
The unseen horror simulacrum misses you.
You have reached level 11!
You puncture the polar bear! You kick the polar bear!
The polar bear is heavily wounded.
You puncture the polar bear! You kick the polar bear!
The polar bear is almost dead.
The polar bear barely misses you. You block the polar bear's attack.
The polar bear claws you but does no damage.
The polar bear goes berserk!
You puncture the polar bear!
You kill the polar bear!
Okawaru accepts your kill.
You can now enter into single combat with a foe.
Okawaru will now gift you throwing weapons as you gain piety.
The unseen horror simulacrum hits you but does no damage.
The unseen horror simulacrum barely misses you.
Your Fighting skill increases to level 9!
You hit the unseen horror simulacrum.
Your kick misses the unseen horror simulacrum.
The unseen horror simulacrum is lightly damaged.
The unseen horror simulacrum barely misses you.
The unseen horror simulacrum hits you but does no damage. x2
You sock the unseen horror simulacrum! You kick the unseen horror simulacrum.
The unseen horror simulacrum is almost destroyed.
The unseen horror simulacrum hits you but does no damage.
The unseen horror simulacrum hits you.
* * * LOW HITPOINT WARNING * * *
The unseen horror simulacrum freezes you!
* * * LOW HITPOINT WARNING * * *
The unseen horror simulacrum hits you.
* * * LOW HITPOINT WARNING * * *
The unseen horror simulacrum freezes you!
You die...

#.###..# #.######.#.#####......
#.#...#####.##...........).#####
##.#............##........)......
#.)#####..............###########
..<)).....########....#
########.## #)...# ##.## #....#
#...########....###
#.........@Z......#
#...#############..... #...# ...#
##### ... .. {


You could see an unseen horror simulacrum.

Vanquished Creatures
  A two-headed ogre (D:9)
  Erica (D:9)
  A komodo dragon (D:7)
  A kobold demonologist (D:9)
  3 polar bears (D:9)
  Sigmund (D:2)
  6 yaks (D:9)
  A steam dragon (D:7)
  A water moccasin (D:7)
  An orc warrior (D:8)
  2 black bears (D:5)
  2 sky beasts (D:8)
  5 ice beasts
  A wolf (D:9)
  3 centaurs
  3 bullfrogs
  3 kobold brigands (D:9)
  A scorpion (D:5)
  13 wights
  A howler monkey (D:7)
  3 bombardier beetles
  2 jellies
  A hound (D:7)
  A gnoll bouda (D:8)
  2 orc priests (D:8)
  Jessica (D:2)
  6 orc wizards
  2 iguanas (D:5)
  4 gnolls (D:8)
  6 adders
  A shadow imp (D:6)
  3 white imps
  2 ufetubi (D:7)
  3 dart slugs
  2 ribbon worms
  23 orcs
  3 ball pythons
  5 endoplasms
  5 giant cockroaches
  7 goblins
  4 hobgoblins
  4 jackals (D:2)
  5 quokkas
  3 bats
  3 frilled lizards
  10 kobolds
  7 rats
169 creatures vanquished.

Notes
Turn   | Place    | Note
-------+----------+-------------------------------------------
     0 | D:1      | dc9389688 the Gargoyle Fighter began the quest for the Orb.
     0 | D:1      | Reached XP level 1. HP: 14/14 MP: 1/1
     1 | D:1      | Noticed an electric eel
   282 | D:1      | Reached XP level 2. HP: 19/19 MP: 2/2
  1088 | D:2      | Noticed Sigmund
  1119 | D:2      | Killed Sigmund
  1120 | D:2      | Reached XP level 3. HP: 15/24 MP: 3/3
  1120 | D:2      | Reached XP level 4. HP: 19/30 MP: 4/4
  1120 | D:2      | Reached XP level 5. HP: 22/34 MP: 5/5
  1358 | D:2      | Found Esaagg's Assorted Antiques.
  1370 | D:2      | Noticed Jessica
  1378 | D:2      | Killed Jessica
  1379 | D:2      | Reached XP level 6. HP: 39/39 MP: 6/6
  1989 | D:3      | Found a sparkling altar of Nemelex Xobeh.
  1995 | D:3      | Found a shimmering altar of Xom.
  1997 | D:3      | Found an ornate altar of the Wu Jian Council.
  2394 | D:4      | Found a blossoming altar of Fedhas.
  2672 | D:5      | Entered Level 5 of the Dungeon
  2768 | D:5      | Noticed a black bear
  2768 | D:5      | Noticed an ice beast
  2776 | D:5      | Killed a black bear
  2777 | D:5      | Reached skill level 5 in Fighting
  2777 | D:5      | Reached skill level 5 in Armour
  2777 | D:5      | Reached skill level 5 in Shields
  2777 | D:5      | Reached XP level 7. HP: 41/44 MP: 7/7
  2900 | D:5      | Found a staircase to the Ecumenical Temple.
  2929 | Temple   | Entered the Ecumenical Temple
  2949 | Temple   | Became a worshipper of Warmaster Okawaru
  3621 | D:6      | Found Gayt's Goods Gallery.
  3673 | D:6      | Reached XP level 8. HP: 51/51 MP: 8/8
  3703 | D:6      | Reached skill level 1 in Invocations
  3779 | D:6      | Reached * piety under Okawaru
  3792 | D:6      | Reached skill level 5 in Maces & Flails
  4112 | D:6      | Gained mutation: You do not regenerate when monsters are
                  | visible. [potion of mutation]
  4112 | D:6      | Gained mutation: You possess an exceptional clarity of
                  | mind. [potion of mutation]
  4112 | D:6      | Gained mutation: Your flesh is heat resistant. (rF+)
                  | [potion of mutation]
  4114 | D:6      | Lost mutation: You possess an exceptional clarity of mind.
                  | [potion of mutation]
  4114 | D:6      | Lost mutation: Your flesh is heat resistant. (rF+) [potion
                  | of mutation]
  4114 | D:6      | Lost mutation: You do not regenerate when monsters are
                  | visible. [potion of mutation]
  4114 | D:6      | Gained mutation: You occasionally lose the ability to read
                  | scrolls when taking damage. [potion of mutation]
  4114 | D:6      | Gained mutation: You have hidden genetic defects. [potion
                  | of mutation]
  4114 | D:6      | Gained mutation: You have large cloven feet. [potion of
                  | mutation]
  4428 | D:7      | Gained mutation: Your spells are a little easier to cast,
                  | but a little less powerful. [hidden defects]
  4430 | D:7      | Reached ** piety under Okawaru
  4431 | D:7      | Reached XP level 9. HP: 43/56 MP: 11/11
  4485 | D:7      | Noticed a komodo dragon
  4512 | D:7      | HP: 1/56 [komodo dragon (14)]
  4514 | D:7      | Killed a komodo dragon
  4516 | D:7      | Gained mutation: You sometimes lose the ability to read
                  | scrolls when taking damage. [hidden defects]
  4516 | D:7      | Lost mutation: You have hidden genetic defects. [hidden
                  | defects expressed]
  4848 | D:7      | Found Padd's Antique Weapon Emporium.
  4985 | D:8      | Found Cunwugo's Firing Range.
  5084 | D:8      | Found a snail-covered altar of Cheibriados.
  5171 | D:8      | Reached *** piety under Okawaru
  5535 | D:8      | Found a radiant altar of Vehumet.
  5812 | D:8      | Reached skill level 5 in Invocations
  5953 | D:9      | Reached XP level 10. HP: 64/64 MP: 13/13
  5984 | D:9      | Noticed a two-headed ogre
  5994 | D:9      | Killed a two-headed ogre
  6017 | D:9      | Noticed a kobold demonologist
  6033 | D:9      | Gained mutation: You do not regenerate when monsters are
                  | visible. [a neqoxec]
  6053 | D:9      | Reached **** piety under Okawaru
  6066 | D:9      | Noticed an orange demon
  6249 | D:9      | Noticed a sun demon
  6250 | D:9      | Killed a kobold demonologist
  6296 | D:9      | Noticed Erica
  6334 | D:9      | Killed Erica
  6341 | D:9      | Reached XP level 11. HP: 25/69 MP: 16/16
  6343 | D:9      | Reached ***** piety under Okawaru
  6345 | D:9      | HP: 2/71 [unseen horror simulacrum (3)]
  6345 | D:9      | Mangled by an unseen horror simulacrum

Illustrated notes

Levels and vault maps discovered:
D:1:      arrival_aquarium_a, layout_basic
D:2:      layout_loops_ring, serial_shops, nicolae_shop_overgrown_old_shop,
          uniq_jessica, uniq_sigmund
D:3:      layout_rooms, minitemple
D:4:      layout_gridville, fedhas_altar_1, chequers_arboretum, st_stairs_3
D:5:      layout_basic, minmay_temple_entry_slanted, kennysheep_cluttered_room
D:6:      layout_loops_cross, nicolae_alphabet_shops
D:7:      layout_basic, serial_shops, nicolae_shop_just_a_little_nook
D:8:      layout_loops_ring, slow_altar_2, fiery_altar_vehumet,
          nicolae_shop_firing_range
D:9:      layout_rooms, serial_ice, serial_ice_l, serial_ice_o, serial_ice_d,
          serial_ice_a, serial_shops, shop, uniq_erica
Temple:   regret_index_temple_waves

Skill      XL: |  1  2  3  4  5  6  7  8  9 10 11 |
---------------+----------------------------------+-----
Fighting       | 4 5 6 7 8 9 |  9.0
Maces & Flails | 3 4 5 6 7 |  7.9
Armour         | 4 5 6 7 9 |  9.0
Shields        | 4 5 6 7 9 |  9.1
Invocations    | 3 5 6 |  6.8

Action                     |  1- 3 |  4- 6 |  7- 9 | 10-12 || total
---------------------------+-------+-------+-------+-------++-------
  Melee: Flail             |    66 |   168 |   386 |     6 ||   626
         Kick              |       |       |    60 |    40 ||   100
         Morningstar       |       |       |       |   117 ||   117
 Invoke: Heroism           |       |       |       |     2 ||     2
  Evoke: Wand              |       |       |     3 |       ||     3
    Use: Scroll            |     2 |     5 |     7 |     1 ||    15
         Potion            |       |       |     4 |     2 ||     6
 Armour: Scale mail        |    44 |   133 |    46 |       ||   223
         Chain mail        |       |       |   303 |       ||   303
         Plate armour      |       |       |     5 |   125 ||   130
  Dodge: Dodged            |    27 |    69 |   123 |    38 ||   257
  Block: Buckler           |    11 |    58 |   121 |    46 ||   236

Table legend: (Time is in decaauts)
 A = Elapsed time spent in this place.
 B = Non-inter-level travel time spent in this place.
 C = Inter-level travel time spent in this place.
 D = Time resting spent in this place.
 E = Time spent auto-exploring this place.
 F = Levels seen in this place.
 G = Mean time per level.
                   A        B        C        D        E       F      G
               +--------+--------+--------+--------+--------+-----+--------+
         Total |   6440 |   6207 |    233 |    179 |   4486 |  10 |  644.0 |
       Dungeon |   6398 |   6205 |    193 |    179 |   4486 |   9 |  710.9 |
        Temple |     41 |      1 |     40 |      0 |      0 |   1 |   41.0 |
               +--------+--------+--------+--------+--------+-----+--------+

Top non-repeatable levels by time:
     D:8: 1097 daAuts
     D:1: 1061 daAuts
     D:5: 905 daAuts
     D:2: 775 daAuts
     D:6: 735 daAuts
     D:7: 645 daAuts
     D:3: 457 daAuts
     D:4: 438 daAuts
     D:9: 282 daAuts
  Temple: 41 daAuts
